 Dungeon Crawl Stone Soup version 0.31-a0-237-g2d982f9f85 (webtiles) character file.

Game seed: 7805328813662229107

103 qw the Shooter (level 4, -5/26 HPs)
             Began as a Gargoyle Hexslinger on July 11, 2023.
             Slain by a water moccasin (7 damage)
             ... on level 3 of the Dungeon.
             The game lasted 00:00:49 (1683 turns).

qw the Shooter (Gargoyle Hexslinger)                Turns: 1683, Time: 00:00:49

Health: -5/26      AC: 10    Str: 11    XL:     4   Next: 79%
Magic:  4/4        EV: 10    Int: 14    God:
Gold:   51         SH:  0    Dex: 14    Spells: 4/5 levels left

rFire   . . .        Y - +3 sling
rCold   . . .        (no shield)
rNeg    + . .        e - +0 ring mail
rPois   inf          f - +0 helmet
rElec   +            (no cloak)
rCorr   .            (no gloves)
SInv    .            (no boots)
Will    .....        (no amulet)
Stlth   +            (no ring)
HPRegen 0.24/turn    (no ring)
MPRegen 0.09/turn

%: no passive effects
@: no status effects
A: sickness immunity, AC +3, negative energy resistance 1, electricity
resistance, torment resistance 1, petrification resistance, low MP 2, shaggy fur
1
a: no special abilities


You were on level 3 of the Dungeon.
You visited 1 branch of the dungeon, and saw 3 of its levels.

You collected 96 gold pieces.
You spent 45 gold pieces at shops.


Innate Abilities, Weirdness & Mutations

You are immune to sickness and miasma.
Your stone body is resilient. (AC +3)
You are immune to poison.
You resist negative energy. (rN+)
You are resistant to electric shocks. (rElec)
You are resistant to unholy torment.
You are immune to petrification.
Your magical capacity is very low. (-20% MP)
You are covered in fur. (AC +1)


   Skills:
 - Level 2.0 Fighting
 + Level 4.3 Ranged Weapons
 - Level 1.2 Armour
 - Level 1.5 Dodging
 - Level 1.0 Spellcasting
 - Level 2.6 Hexes


You had 4 spell levels left.
You knew the following spells:

 Your Spells              Type           Power      Damage    Failure   Level
a - Slow                  Hex            32%        N/A       21%         1

Your spell library contained the following spells:

 Spells                   Type           Power      Damage    Failure   Level
 Inner Flame              Hex/Fire       4%         N/A       71%         3
 Portal Projectile        Hex/Tloc       8%         N/A       71%         3
 Cause Fear               Hex            4%         N/A       90%         4

Inventory:

Hand Weapons
 Y - a +3 sling (weapon)
Armour
 e - a +0 ring mail (worn)
 f - a +0 helmet (worn)
Potions
 a - a potion of curing {unknown}
 d - 2 potions of mutation
 g - 2 potions of attraction {unknown}
 i - a potion of degeneration {unknown}

Dungeon Overview and Level Annotations

Branches:
Dungeon (3/15)

Altars:

Shops:
D:2 *


Message History

The water moccasin bites you but does no damage.
The water moccasin bites you.
You shoot a sling bullet.
The sling bullet closely misses the water moccasin.
The water moccasin bites you.
The water moccasin bites you but does no damage.
You shoot a sling bullet.
The sling bullet hits the water moccasin.
The water moccasin is heavily wounded.
The water moccasin bites you but does no damage.
The water moccasin barely misses you.
You shoot a sling bullet.
The sling bullet hits the water moccasin.
The water moccasin is severely wounded.
The water moccasin bites you but does no damage.
You shoot a sling bullet.
The sling bullet barely misses the water moccasin.
The water moccasin bites you but does no damage.
The water moccasin bites you.
You shoot a sling bullet.
The sling bullet hits the water moccasin but does no damage.
The water moccasin is heavily wounded.
The water moccasin bites you. x2
You shoot a sling bullet.
The sling bullet closely misses the water moccasin.
The water moccasin barely misses you. The water moccasin bites you.
You shoot a sling bullet.
The sling bullet misses the water moccasin.
The water moccasin bites you. The water moccasin barely misses you.
You shoot a sling bullet.
The sling bullet hits the water moccasin.
The water moccasin is severely wounded.
The water moccasin bites you. The water moccasin closely misses you.
You shoot a sling bullet.
The sling bullet misses the water moccasin.
The water moccasin bites you. x2
You shoot a sling bullet.
The sling bullet completely misses the water moccasin.
The water moccasin bites you!
You die...

### ######## .... #..
........ .... #.# ####.
..... #.# #. ..... ###
#.# #. ........# #.# ##.
......#.#####.########..
.>....S.................
#@#####<########..
######.# #.# ###
#......#####.#
#.####.......# #.#######
#.# #.# #.# ..#


You could see a water moccasin.

Vanquished Creatures
  A gnoll (D:2)
  4 adders
  6 ball pythons
  7 endoplasms
  7 hobgoblins
  6 jackals (D:2)
  3 quokkas
  2 bats
  2 frilled lizards
  6 goblins
  8 kobolds
52 creatures vanquished.

Notes
Turn   | Place    | Note
-------+----------+-------------------------------------------
     0 | D:1      | qw the Gargoyle Hexslinger began the quest for the Orb.
     0 | D:1      | Reached XP level 1. HP: 12/12 MP: 2/2
     0 | D:1      | 0 ||| qw: Version: 0.3-a-52-g30416fa
     0 | D:1      | 0 ||| qw: Game counter: 5716
     0 | D:1      | 0 ||| qw: Melee chars always use a shield: true
     0 | D:1      | 0 ||| qw: God list: Okawaru
     0 | D:1      | 0 ||| qw: Allow faded altars: false
     0 | D:1      | 0 ||| qw: Do Orc after clearing Dungeon:15 true
     0 | D:1      | 0 ||| qw: Do second Lair branch before Depths: true
     0 | D:1      | 0 ||| qw: Lair rune preference: random
     0 | D:1      | 0 ||| qw: Goals: Normal
     0 | D:1      | 0 ||| PLANNING D:1-11
    37 | D:1      | Found a faded altar of an unknown god.
   100 | D:1      | Reached XP level 2. HP: 16/16 MP: 3/3
   283 | D:1      | Reached skill level 3 in Ranged Weapons
   306 | D:1      | 306 ||| FLEEEEING.
   307 | D:1      | 307 ||| FLEEEEING.
   308 | D:1      | 308 ||| FLEEEEING.
   310 | D:1      | 310 ||| FLEEEEING.
   311 | D:1      | 311 ||| FLEEEEING.
   312 | D:1      | 312 ||| FLEEEEING.
   313 | D:1      | 313 ||| FLEEEEING.
   314 | D:1      | 314 ||| FLEEEEING.
   315 | D:1      | 315 ||| FLEEEEING.
   316 | D:1      | 316 ||| FLEEEEING.
   317 | D:1      | 317 ||| FLEEEEING.
   318 | D:1      | 318 ||| FLEEEEING.
   480 | D:1      | Reached XP level 3. HP: 12/21 MP: 4/4
   727 | D:1      | 727 ||| UPGRADING to +0 ring mail.
   737 | D:1      | 737 ||| DROPPING +0 robe.
   738 | D:1      | 738 ||| UPGRADING to +0 helmet.
   743 | D:1      | 743 ||| READING scroll labelled FASHIE DOURAWE.
   761 | D:1      | 761 ||| READING scroll labelled YTICOA MOESI.
   762 | D:1      | 762 ||| READING scroll labelled VOW YSMOWEDERU.
   763 | D:1      | 763 ||| DRINKING 2 fizzy pink potions.
   763 | D:1      | Gained mutation: You are covered in fur. (AC +1) [potion of
                  | mutation]
   763 | D:1      | Gained mutation: Your magical capacity is low. (-10% MP)
                  | [potion of mutation]
   763 | D:1      | Gained mutation: Your magical capacity is very low. (-20%
                  | MP) [potion of mutation]
   764 | D:1      | 764 ||| DROPPING scroll of poison.
   833 | D:2      | Reached skill level 1 in Armour
   852 | D:2      | Found Fuanerph's Assorted Antiques.
   869 | D:2      | 869 ||| BUYING orange potion (21 gold).
   869 | D:2      | Bought an orange potion for 21 gold pieces
   869 | D:2      | 869 ||| SHOPLISTING runed steam dragon scales (1032 gold,
                  | have 58).
   869 | D:2      | 869 ||| BUYING scroll labelled OFUREMN NOOTYH (24 gold).
   869 | D:2      | Bought a scroll labelled OFUREMN NOOTYH for 24 gold pieces
   869 | D:2      | 869 ||| SHOPLISTING scroll of identify (48 gold, have 34).
   994 | D:2      | Reached XP level 4. HP: 22/26 MP: 4/4
  1431 | D:2      | Reached skill level 4 in Ranged Weapons
  1550 | D:2      | 1550 ||| DROPPING +1 hat.
  1551 | D:2      | 1551 ||| READING scroll labelled OFUREMN NOOTYH.
  1552 | D:2      | 1552 ||| READING 2 scrolls labelled TOULAE UM KOOPE.
  1553 | D:2      | 1553 ||| READING scroll of enchant weapon.
  1553 | D:2      | 1553 ||| ENCHANTING +2 sling.
  1554 | D:2      | 1554 ||| READING scroll labelled TOWNIE HAADIR.
  1666 | D:3      | Noticed a water moccasin
  1682 | D:3      | HP: 4/26 [water moccasin (4)]
  1682 | D:3      | HP: 1/26 [water moccasin (3)]
  1683 | D:3      | Slain by a water moccasin

Levels and vault maps discovered:
D:1:      minmay_arrival_jagged, layout_basic, chequers_ecumenical_altar_island,
          minmay_misc_feat_doors, nicolae_concentric_dashed_squares_mild
D:2:      layout_basic, serial_shops, shop, cheibrodos_gnoll_hut
D:3:      layout_loops_ring, mainiacjoe_overflow_tiny_flanked

Skill      XL: |  1  2  3  4 |
---------------+-------------+-----
Ranged Weapons | 3 4 |  4.3
Fighting       | 2 |  2.0
Armour         | 1 |  1.2
Dodging        | |  1.5
Spellcasting   | |  1.0
Hexes          | |  2.6

Action                     |  1- 3 |  4- 6 || total
---------------------------+-------+-------++-------
   Fire: Sling             |   136 |    61 ||   197
    Use: Scroll            |     3 |     4 ||     7
         Potion            |     1 |       ||     1
 Armour: Robe              |    11 |       ||    11
         Ring mail         |    29 |    25 ||    54
  Dodge: Dodged            |    59 |    26 ||    85

Table legend:
 A = Non-vault XP
 B = Vault XP
 C = Vault XP percentage of total XP
 D = Non-vault monster count
 E = Vault monster count
 F = Vault count percentage of total count
                 A         B        C        D         E       F
            +---------+---------+-------+---------+---------+-------
      Total |     129 |      19 |  12.8 |      49 |       3 |   5.8
            +---------+---------+-------+---------+---------+-------
        D:1 |      39 |       0 |   0.0 |      25 |       0 |   0.0
        D:2 |      70 |      19 |  21.3 |      19 |       3 |  13.6
        D:3 |      20 |       0 |   0.0 |       5 |       0 |   0.0
            +---------+---------+-------+---------+---------+-------
